General information
- name: BNet
- type: Ladder team game (AT/RT)
- host: Battle.net
- saver: nigballerbrand
map: BlastedLands
- players: 8
- length: 50:54
- speed: Fast
- version: 1.29 W3XP
- replay type: Public
» download(420 KB)
Players
team 1 (loser)
gentle (
orange | 35 APM | 1795 actions | 50:53)
7 Dreadlord
3 Sleep
3 Vampiric Aura
1 Inferno
1 Mountain King
1 Bash
» actions
| Assign group hotkey | 52 | |
| Basic commands | 115 | |
| Build / train | 83 | |
| Enter build submenu | 23 | |
| Enter hero's abilities submenu | 8 | |
| Remove unit from queue | 5 | |
| Right click | 466 | |
| Select / deselect | 341 | |
| Select group hotkey | 525 | |
| Use ability | 177 | |
1795 total
» units
| Acolyte | 22 | |
| Ghoul | 13 | |
| Obsidian Statue | 2 | |
| Gargoyle | 2 | |
| Crypt Fiend | 5 | |
44 total
» upgrades
| Unholy Strength | 3 | |
| Unholy Armor | 3 | |
| Ghoul Frenzy | 1 | |
| Cannibalize | 1 | |
| Web | 1 | |
| Destroyer Form | 1 | |
10 total
» buildings
| Necropolis | 4 | |
| Crypt | 6 | |
| Ziggurat | 7 | |
| Altar of Darkness | 1 | |
| Tomb of Relics | 1 | |
| Halls of the Dead | 1 | |
| Graveyard | 1 | |
| Black Citadel | 1 | |
| Slaughterhouse | 1 | |
| Sacrificial Pit | 1 | |
| Boneyard | 1 | |
25 total
» build order
00:24 Necropolis
00:26 Crypt
00:45 Ziggurat
01:03 Ziggurat
01:40 Altar of Darkness
02:54 Tomb of Relics
04:54 Halls of the Dead
05:17 Graveyard
05:50 Necropolis
07:32 Black Citadel
08:59 Slaughterhouse
10:22 Crypt
10:24 Crypt
10:25 Crypt
10:29 Crypt
10:30 Crypt
10:48 Ziggurat
10:49 Ziggurat
10:49 Ziggurat
10:53 Ziggurat
10:54 Ziggurat
12:37 Necropolis
12:39 Necropolis
21:03 Sacrificial Pit
23:10 Boneyard
» items
| Rod of Necromancy | 2 | |
| Scroll of Town Portal | 6 | |
| Orb of Corruption | 1 | |
| Sacrificial Skull | 1 | |
| Scroll of Speed | 1 | |
| Scroll of Regeneration | 1 | |
| Healing Salve | 1 | |
13 total
iagreewithu (
blue | 56 APM | 2438 actions | 43:09)
9 Tauren Chieftain
3 War Stomp
3 Endurance Aura
1 Reincarnation
2 Shockwave
» actions
| Assign group hotkey | 53 | |
| Basic commands | 17 | |
| Build / train | 113 | |
| Enter build submenu | 19 | |
| Enter hero's abilities submenu | 9 | |
| Give item / drop item | 2 | |
| Remove unit from queue | 4 | |
| Right click | 838 | |
| Select / deselect | 323 | |
| Select group hotkey | 864 | |
| Use ability | 196 | |
2438 total
» units
| Peon | 23 | |
| Grunt | 4 | |
| Razormane Medicine Man | 1 | |
| Troll Witch Doctor | 8 | |
| Shaman | 6 | |
| Tauren | 12 | |
54 total
» upgrades
| Witch Doctor Training | 2 | |
| Shaman Training | 2 | |
| Pulverize | 1 | |
| Armor | 1 | |
| Melee Weapons | 1 | |
| Reinforced Defenses | 1 | |
8 total
» buildings
| Altar of Storms | 1 | |
| Orc Burrow | 9 | |
| Barracks | 1 | |
| Voodoo Lounge | 1 | |
| Stronghold | 1 | |
| Great Hall | 1 | |
| Fortress | 1 | |
| Spirit Lodge | 2 | |
| War Mill | 1 | |
| Tauren Totem | 2 | |
20 total
» build order
00:12 Altar of Storms
00:22 Orc Burrow
00:26 Orc Burrow
00:37 Barracks
01:22 Orc Burrow
01:56 Voodoo Lounge
03:21 Stronghold
04:45 Great Hall
05:54 Fortress
05:59 Spirit Lodge
06:08 Spirit Lodge
07:58 War Mill
08:35 Orc Burrow
09:47 Tauren Totem
09:50 Tauren Totem
12:18 Orc Burrow
16:47 Orc Burrow
17:52 Orc Burrow
17:54 Orc Burrow
18:16 Orc Burrow
» items
| Healing Salve | 5 | |
| Lesser Clarity Potion | 7 | |
| Scroll of Town Portal | 9 | |
| Potion of Healing | 6 | |
| Potion of Mana | 5 | |
| Orb of Lightning | 1 | |
| Tiny Great Hall | 1 | |
| Scroll of Healing | 1 | |
35 total
nlggerlord (
red | 70 APM | 3539 actions | 50:53)
6 Archmage
3 Summon Water Elemental
2 Brilliance Aura
1 Mass Teleport
3 Mountain King
2 Storm Bolt
1 Bash
» actions
| Assign group hotkey | 89 | |
| Basic commands | 310 | |
| Build / train | 163 | |
| ESC pressed | 4 | |
| Enter build submenu | 67 | |
| Enter hero's abilities submenu | 9 | |
| Give item / drop item | 17 | |
| Right click | 1003 | |
| Select / deselect | 621 | |
| Select group hotkey | 969 | |
| Use ability | 287 | |
3539 total
» units
| Peasant | 15 | |
| Footman | 3 | |
| Rifleman | 5 | |
| Gryphon Rider | 8 | |
| Sorceress | 1 | |
| Dragonhawk Rider | 4 | |
| Priest | 4 | |
40 total
» upgrades
| Gunpowder | 3 | |
| Long Rifles | 1 | |
| Swords | 4 | |
| Masonry | 3 | |
| Armor | 3 | |
| Lumber Harvesting | 2 | |
| Storm Hammers | 1 | |
| Animal War Training | 1 | |
| Cloud | 1 | |
| Sorceress Training | 2 | |
| Priest Training | 2 | |
| Plating | 2 | |
| Magic Sentry | 1 | |
26 total
» buildings
| Altar of Kings | 1 | |
| Barracks | 2 | |
| Farm | 13 | |
| Blacksmith | 1 | |
| Keep | 2 | |
| Arcane Vault | 1 | |
| Town Hall | 1 | |
| Castle | 3 | |
| Lumber Mill | 4 | |
| Gryphon Aviary | 4 | |
| Scout Tower | 30 | |
| Guard Tower | 37 | |
| Arcane Sanctum | 1 | |
| Arcane Tower | 2 | |
102 total
» build order
00:49 Altar of Kings
00:50 Barracks
00:51 Barracks
01:00 Farm
01:06 Farm
01:18 Farm
01:44 Farm
02:23 Blacksmith
03:29 Keep
03:29 Keep
03:38 Arcane Vault
04:19 Town Hall
06:27 Castle
06:27 Castle
06:27 Castle
07:55 Lumber Mill
08:01 Lumber Mill
09:48 Gryphon Aviary
09:51 Gryphon Aviary
10:15 Scout Tower
10:18 Scout Tower
10:20 Scout Tower
11:20 Guard Tower
11:20 Guard Tower
11:24 Scout Tower
11:24 Scout Tower
12:01 Guard Tower
12:01 Guard Tower
12:06 Scout Tower
12:07 Scout Tower
12:08 Scout Tower
12:27 Guard Tower
12:27 Guard Tower
13:50 Scout Tower
13:52 Scout Tower
13:54 Scout Tower
13:56 Scout Tower
14:01 Guard Tower
14:02 Guard Tower
14:18 Guard Tower
14:18 Guard Tower
14:21 Guard Tower
14:21 Guard Tower
14:29 Guard Tower
14:29 Guard Tower
14:31 Guard Tower
14:32 Guard Tower
14:39 Scout Tower
14:40 Scout Tower
14:55 Farm
15:02 Farm
15:11 Lumber Mill
15:15 Guard Tower
15:15 Guard Tower
15:19 Guard Tower
15:19 Guard Tower
15:30 Scout Tower
15:39 Scout Tower
15:39 Scout Tower
15:50 Scout Tower
15:58 Scout Tower
16:20 Guard Tower
16:20 Guard Tower
16:36 Guard Tower
16:36 Guard Tower
16:38 Guard Tower
16:38 Guard Tower
16:38 Guard Tower
16:39 Guard Tower
17:19 Scout Tower
17:30 Scout Tower
17:33 Scout Tower
17:46 Scout Tower
17:59 Guard Tower
17:59 Guard Tower
18:01 Guard Tower
18:02 Guard Tower
18:05 Farm
18:13 Scout Tower
18:14 Scout Tower
18:20 Guard Tower
18:20 Guard Tower
18:26 Scout Tower
18:58 Guard Tower
19:00 Guard Tower
19:00 Guard Tower
20:01 Gryphon Aviary
20:02 Gryphon Aviary
20:16 Arcane Sanctum
33:16 Farm
33:17 Farm
33:18 Farm
33:23 Farm
34:51 Farm
34:55 Farm
38:23 Scout Tower
38:25 Scout Tower
38:26 Scout Tower
38:27 Scout Tower
38:59 Arcane Tower
38:59 Arcane Tower
40:54 Lumber Mill
» items
| Scroll of Regeneration | 8 | |
| Mechanical Critter | 6 | |
| Staff of Sanctuary | 1 | |
| Orb of Fire | 1 | |
| Potion of Healing | 5 | |
| Lesser Clarity Potion | 2 | |
| Scroll of Town Portal | 5 | |
28 total

»
fireandfury (
green | 50 APM | 1475 actions | 29:22)
5 Archmage
3 Summon Water Elemental
2 Brilliance Aura
3 Mountain King
2 Storm Bolt
1 Bash
1 Paladin
1 Holy Light
» actions
| Assign group hotkey | 20 | |
| Build / train | 81 | |
| Enter build submenu | 23 | |
| Enter hero's abilities submenu | 9 | |
| Give item / drop item | 1 | |
| Remove unit from queue | 3 | |
| Right click | 756 | |
| Select / deselect | 474 | |
| Select group hotkey | 35 | |
| Use ability | 73 | |
1475 total
» units
| Peasant | 13 | |
| Footman | 9 | |
| Centaur Outrunner | 1 | |
| Mortar Team | 3 | |
| Siege Engine | 11 | |
37 total
» upgrades
| Lumber Harvesting | 2 | |
| Gunpowder | 2 | |
| Plating | 2 | |
| Barrage | 1 | |
| Masonry | 1 | |
8 total
» buildings
| Altar of Kings | 1 | |
| Farm | 9 | |
| Barracks | 1 | |
| Arcane Vault | 1 | |
| Town Hall | 1 | |
| Scout Tower | 4 | |
| Arcane Tower | 2 | |
| Lumber Mill | 1 | |
| Keep | 1 | |
| Blacksmith | 1 | |
| Guard Tower | 2 | |
| Workshop | 4 | |
| Castle | 1 | |
29 total
» build order
00:11 Altar of Kings
00:24 Farm
00:29 Farm
00:54 Barracks
01:21 Farm
02:08 Arcane Vault
03:26 Farm
03:33 Town Hall
03:40 Scout Tower
04:08 Farm
04:12 Arcane Tower
04:22 Scout Tower
04:57 Lumber Mill
06:01 Keep
06:03 Arcane Tower
07:42 Farm
07:43 Farm
07:51 Scout Tower
08:54 Blacksmith
09:08 Farm
09:10 Farm
09:45 Guard Tower
10:11 Workshop
10:17 Workshop
11:24 Scout Tower
11:58 Castle
11:59 Guard Tower
14:15 Workshop
16:19 Workshop
» items
| Lesser Clarity Potion | 4 | |
| Scroll of Regeneration | 3 | |
| Mechanical Critter | 1 | |
| Scroll of Town Portal | 2 | |
| Scroll of Speed | 2 | |
| Staff of Sanctuary | 1 | |
| Orb of Fire | 1 | |
| Orb of Corruption | 1 | |
| Scroll of Healing | 1 | |
16 total
team 2 (winner)

»
BoojiBoy (
yellow | 38 APM | 1497 actions | 39:03)
6 Paladin
3 Devotion Aura
2 Holy Light
1 Divine Shield
5 Archmage
2 Summon Water Elemental
2 Brilliance Aura
1 Blizzard
3 Blood Mage
1 Banish
2 Flame Strike
» actions
| Assign group hotkey | 20 | |
| Basic commands | 103 | |
| Build / train | 102 | |
| ESC pressed | 1 | |
| Enter build submenu | 46 | |
| Enter hero's abilities submenu | 14 | |
| Give item / drop item | 3 | |
| Right click | 183 | |
| Select / deselect | 450 | |
| Select group hotkey | 432 | |
| Use ability | 143 | |
1497 total
» units
| Peasant | 31 | |
| Footman | 7 | |
| Rifleman | 7 | |
| Priest | 5 | |
50 total
» upgrades
| Masonry | 3 | |
| Defend | 1 | |
| Plating | 2 | |
| Swords | 2 | |
| Lumber Harvesting | 2 | |
| Armor | 4 | |
| Gunpowder | 3 | |
| Magic Sentry | 1 | |
| Priest Training | 2 | |
| Long Rifles | 1 | |
21 total
» buildings
| Lumber Mill | 2 | |
| Altar of Kings | 2 | |
| Farm | 23 | |
| Barracks | 4 | |
| Blacksmith | 2 | |
| Town Hall | 3 | |
| Keep | 2 | |
| Scout Tower | 14 | |
| Guard Tower | 4 | |
| Arcane Sanctum | 4 | |
| Arcane Vault | 6 | |
| Arcane Tower | 2 | |
| Castle | 2 | |
70 total
» build order
00:27 Lumber Mill
00:57 Altar of Kings
01:02 Farm
01:05 Farm
01:06 Farm
01:07 Farm
01:37 Barracks
02:05 Barracks
02:13 Farm
02:15 Farm
04:17 Blacksmith
04:49 Town Hall
05:28 Keep
06:55 Scout Tower
06:56 Scout Tower
06:57 Scout Tower
08:15 Guard Tower
08:29 Arcane Sanctum
08:54 Arcane Vault
08:59 Arcane Tower
10:22 Arcane Vault
12:26 Arcane Vault
12:31 Farm
12:32 Farm
12:32 Farm
13:58 Castle
14:43 Arcane Sanctum
16:17 Scout Tower
16:18 Scout Tower
16:19 Scout Tower
16:20 Scout Tower
16:21 Scout Tower
17:08 Guard Tower
17:24 Farm
17:26 Farm
17:36 Guard Tower
17:44 Scout Tower
17:47 Scout Tower
17:48 Scout Tower
17:51 Arcane Vault
19:11 Arcane Tower
19:12 Guard Tower
21:30 Farm
21:31 Farm
21:32 Farm
21:36 Arcane Vault
21:39 Farm
21:40 Farm
21:41 Farm
21:43 Arcane Sanctum
21:48 Scout Tower
21:48 Scout Tower
21:50 Scout Tower
24:36 Town Hall
24:47 Farm
24:49 Farm
24:50 Farm
24:50 Farm
24:51 Farm
24:52 Farm
24:55 Altar of Kings
25:00 Blacksmith
27:16 Lumber Mill
27:34 Arcane Vault
27:52 Keep
29:10 Barracks
29:15 Barracks
29:53 Town Hall
34:31 Castle
» items
| Lesser Clarity Potion | 2 | |
| Scroll of Regeneration | 1 | |
3 total
AegonTargaryen (
purple | 46 APM | 1794 actions | 39:06)
6 Priestess of the Moon
2 Searing Arrows
3 Trueshot Aura
1 Starfall
» actions
| Assign group hotkey | 122 | |
| Basic commands | 37 | |
| Build / train | 98 | |
| Enter build submenu | 22 | |
| Enter hero's abilities submenu | 6 | |
| Remove unit from queue | 3 | |
| Right click | 721 | |
| Select / deselect | 445 | |
| Select group hotkey | 275 | |
| Use ability | 65 | |
1794 total
» units
| Wisp | 27 | |
| Huntress | 8 | |
| Dryad | 13 | |
| Hippogryph | 10 | |
| Druid of the Claw | 3 | |
61 total
» upgrades
| Strength of the Moon | 1 | |
| Moon Armor | 1 | |
| Strength of the Wild | 2 | |
| Reinforced Hides | 2 | |
| Abolish Magic | 1 | |
| Druid of the Claw Training | 2 | |
| Mark of the Claw | 1 | |
10 total
» buildings
| Moon Well | 7 | |
| Altar of Elders | 1 | |
| Ancient of War | 2 | |
| Hunter's Hall | 1 | |
| Ancient of Wonders | 1 | |
| Tree of Ages | 1 | |
| Tree of Life | 4 | |
| Ancient of Lore | 2 | |
| Tree of Eternity | 1 | |
| Ancient of Wind | 1 | |
| Ancient Protector | 2 | |
23 total
» build order
00:17 Moon Well
00:24 Altar of Elders
01:54 Ancient of War
01:55 Ancient of War
02:09 Hunter's Hall
02:12 Moon Well
02:37 Moon Well
04:07 Ancient of Wonders
05:20 Tree of Ages
06:06 Tree of Life
06:57 Moon Well
07:55 Ancient of Lore
10:15 Ancient of Lore
11:46 Tree of Eternity
13:19 Ancient of Wind
14:10 Moon Well
15:45 Moon Well
16:39 Ancient Protector
16:41 Ancient Protector
18:17 Moon Well
26:58 Tree of Life
27:01 Tree of Life
27:25 Tree of Life
» items
| Moonstone | 1 | |
| Scroll of Town Portal | 10 | |
| Potion of Healing | 4 | |
15 total
nigballerbrand (
teal | 53 APM | 2723 actions | 50:54)
9 Archmage
3 Summon Water Elemental
3 Brilliance Aura
1 Mass Teleport
2 Blizzard
» actions
| Assign group hotkey | 115 | |
| Basic commands | 176 | |
| Build / train | 99 | |
| Enter build submenu | 73 | |
| Enter hero's abilities submenu | 10 | |
| Give item / drop item | 3 | |
| Remove unit from queue | 3 | |
| Right click | 1086 | |
| Select / deselect | 527 | |
| Select group hotkey | 410 | |
| Use ability | 221 | |
2723 total
» units
| Peasant | 20 | |
| Footman | 4 | |
| Gryphon Rider | 11 | |
35 total
» upgrades
| Lumber Harvesting | 2 | |
| Masonry | 3 | |
| Swords | 3 | |
| Armor | 3 | |
| Animal War Training | 1 | |
| Storm Hammers | 1 | |
| Cloud | 1 | |
14 total
» buildings
| Altar of Kings | 1 | |
| Barracks | 1 | |
| Farm | 11 | |
| Scout Tower | 52 | |
| Arcane Tower | 1 | |
| Arcane Vault | 4 | |
| Keep | 1 | |
| Lumber Mill | 2 | |
| Town Hall | 6 | |
| Guard Tower | 13 | |
| Castle | 1 | |
| Gryphon Aviary | 4 | |
| Blacksmith | 2 | |
99 total
» build order
00:49 Altar of Kings
00:51 Barracks
00:58 Farm
01:04 Farm
01:06 Farm
01:32 Farm
01:35 Farm
01:47 Farm
02:24 Scout Tower
03:04 Arcane Tower
03:12 Arcane Vault
03:59 Keep
04:02 Lumber Mill
05:00 Town Hall
05:05 Scout Tower
05:06 Scout Tower
05:07 Scout Tower
05:07 Scout Tower
05:23 Farm
05:28 Farm
05:31 Scout Tower
05:33 Scout Tower
06:01 Guard Tower
07:49 Castle
09:04 Guard Tower
09:46 Gryphon Aviary
09:46 Gryphon Aviary
09:47 Gryphon Aviary
09:47 Gryphon Aviary
09:50 Blacksmith
09:51 Blacksmith
10:19 Scout Tower
10:21 Scout Tower
10:23 Scout Tower
10:23 Scout Tower
10:25 Scout Tower
10:25 Scout Tower
10:26 Scout Tower
10:26 Scout Tower
14:07 Guard Tower
14:14 Arcane Vault
14:34 Scout Tower
14:34 Scout Tower
14:34 Scout Tower
14:36 Scout Tower
14:37 Scout Tower
16:01 Guard Tower
16:23 Scout Tower
16:23 Scout Tower
16:24 Scout Tower
17:31 Guard Tower
18:01 Arcane Vault
18:13 Lumber Mill
19:05 Town Hall
19:07 Scout Tower
19:08 Scout Tower
19:08 Scout Tower
19:08 Scout Tower
19:09 Scout Tower
19:09 Scout Tower
19:10 Scout Tower
19:11 Scout Tower
20:58 Guard Tower
22:28 Arcane Vault
22:34 Scout Tower
22:35 Scout Tower
22:37 Scout Tower
22:38 Scout Tower
22:45 Scout Tower
22:46 Scout Tower
22:47 Scout Tower
22:48 Scout Tower
23:07 Guard Tower
23:09 Guard Tower
23:13 Town Hall
23:42 Guard Tower
24:58 Scout Tower
24:58 Scout Tower
24:58 Scout Tower
24:59 Scout Tower
24:59 Scout Tower
26:08 Guard Tower
27:18 Town Hall
27:30 Farm
27:30 Farm
27:30 Farm
30:00 Town Hall
30:04 Scout Tower
30:04 Scout Tower
30:06 Scout Tower
30:10 Scout Tower
30:10 Scout Tower
30:11 Scout Tower
30:11 Scout Tower
30:32 Guard Tower
30:35 Guard Tower
30:38 Guard Tower
34:24 Town Hall
» items
| Scroll of Regeneration | 4 | |
| Scroll of Town Portal | 7 | |
| Anti-magic Potion | 1 | |
| Staff of Sanctuary | 1 | |
| Potion of Healing | 2 | |
| Mechanical Critter | 6 | |
21 total
GHOUL.FRENZY (
pink | 22 APM | 1035 actions | 46:58)
7 Mountain King
3 Storm Bolt
3 Bash
1 Avatar
» actions
| Basic commands | 7 | |
| Build / train | 56 | |
| Enter build submenu | 26 | |
| Enter hero's abilities submenu | 7 | |
| Remove unit from queue | 1 | |
| Right click | 632 | |
| Select / deselect | 253 | |
| Use ability | 53 | |
1035 total
» units
| Peasant | 16 | |
| Rifleman | 6 | |
| Knight | 5 | |
27 total
» upgrades
| Gunpowder | 2 | |
| Masonry | 3 | |
| Swords | 3 | |
| Animal War Training | 1 | |
| Plating | 1 | |
10 total
» buildings
| Altar of Kings | 2 | |
| Lumber Mill | 1 | |
| Blacksmith | 1 | |
| Farm | 11 | |
| Barracks | 3 | |
| Scout Tower | 6 | |
| Keep | 1 | |
| Guard Tower | 4 | |
| Castle | 1 | |
| Arcane Vault | 1 | |
31 total
» build order
01:24 Altar of Kings
01:34 Lumber Mill
01:58 Blacksmith
02:14 Farm
02:29 Barracks
02:51 Farm
03:12 Farm
03:33 Scout Tower
03:52 Scout Tower
04:01 Barracks
04:13 Farm
04:51 Farm
09:25 Farm
09:28 Keep
14:54 Scout Tower
16:53 Scout Tower
16:55 Guard Tower
17:02 Barracks
17:23 Castle
17:30 Farm
17:34 Farm
17:38 Farm
17:45 Guard Tower
17:49 Scout Tower
18:19 Guard Tower
19:27 Arcane Vault
21:23 Farm
21:54 Farm
23:28 Scout Tower
25:36 Guard Tower
30:24 Altar of Kings
» items
| Scroll of Regeneration | 2 | |
| Lesser Clarity Potion | 2 | |
4 total
Chat log
(00:11 / Allies) AegonTargaryen: new map?
(00:13 / All) nlggerlord: woot one of the new maps
(00:18 / All) nigballerbrand: new old map
(00:20 / All) fireandfury: aye
(00:35 / All) nlggerlord: has no goblin shops or taverns? lame
(00:45 / All) nigballerbrand: this map sucks!
(00:46 / All) nlggerlord: but of course it has useless merc camps
(00:58 / All) nlggerlord: they added that shit to maps like golems
(01:04 / All) nlggerlord: since it's necessary
(01:11 / All) nlggerlord: but don't to this map of course
(01:20 / All) nigballerbrand: Wow
(01:28 / All) nigballerbrand: Creps just attacked me building in my base
(01:29 / All) nigballerbrand: LOL
(01:33 / All) nlggerlord: lol
(02:20 / All) nigballerbrand: I veto this map
(02:30 / All) nlggerlord: yeah it doesn't seem great
(02:34 / All) nlggerlord: needs tavern and gob shops/labs
(02:40 / All) nigballerbrand: I got peon killed and two farms canceled by fucking creeps
(02:49 / All) nlggerlord: the orange mine ones?
(02:53 / All) nigballerbrand: Yeah
(03:37 / All) nigballerbrand: needless to say I am less than impressed
(05:30 / Allies) GHOUL.FRENZY: gg
(05:45 / Allies) AegonTargaryen: yell if you need tp
(05:48 / Allies) AegonTargaryen: looks like you have it
(05:58 / Allies) GHOUL.FRENZY: gg
(06:34 / Allies) AegonTargaryen: ?
(06:50 / Allies) AegonTargaryen: why did 2 hit alone lol?
(07:12 / Allies) GHOUL.FRENZY: i dont like this nigger map
(08:14 / Allies) nigballerbrand: got aura 2 by accident
(09:00 / Allies) AegonTargaryen: im out
(09:35 / Allies) BoojiBoy: expand pink
(09:39 / Allies) GHOUL.FRENZY: no
(09:44 / Allies) BoojiBoy: ?
(09:47 / Allies) AegonTargaryen: take it yellow
(09:59 / Allies) GHOUL.FRENZY: this game is a loss
(10:07 / Allies) AegonTargaryen: why?
(10:15 / Allies) GHOUL.FRENZY: why u think
(10:21 / Allies) AegonTargaryen: i dont think it is
(12:01 / Allies) AegonTargaryen: ?
(12:35 / Allies) nigballerbrand: move pally out lawl
(12:44 / Allies) AegonTargaryen: coming pink
(13:34 / All) nigballerbrand: cool gouls rush
(13:59 / Allies) nigballerbrand: shit
(14:18 / Allies) GHOUL.FRENZY: he has massed frosties
(18:02 / Allies) AegonTargaryen: lets all go together?
(18:32 / Allies) AegonTargaryen: 3
(18:33 / Allies) AegonTargaryen: all go
(18:52 / Allies) AegonTargaryen: is pink still here?
(20:52 / Allies) BoojiBoy: they play like bots
(21:35 / Allies) nigballerbrand: some tp pleaes
(21:49 / Allies) nigballerbrand: someoen tp
(21:51 / Allies) AegonTargaryen: one sec
(21:53 / Allies) AegonTargaryen: getting hero
(24:32 / All) nigballerbrand: I kind of want to go to 100 food and rape orange's dumb ass
(25:02 / Allies) nigballerbrand: wood
(25:47 / Allies) AegonTargaryen: share resources?
(27:06 / Allies) nigballerbrand: holy light
(27:08 / Allies) nigballerbrand: his
(28:18 / All) nlggerlord: oj tk
(28:45 / Allies) AegonTargaryen: pink can you rebuild?
(29:16 / All) nlggerlord: my team is mad that my gold over nice thousand
(29:36 / All) AegonTargaryen: they shouldve expod
(29:49 / Allies) GHOUL.FRENZY: gg
(30:09 / Allies) AegonTargaryen: they have no expos lol
(32:17 / Allies) BoojiBoy: dont...
(32:29 / Allies) GHOUL.FRENZY: finish oj
(32:38 / Allies) GHOUL.FRENZY: get tanks
(32:52 / Allies) BoojiBoy: teal is wasting time
(34:16 / All) nlggerlord: my team trying to tk with tanks
(34:27 / All) nlggerlord: gg my team is tk noobs
(34:36 / All) nlggerlord: you got lucky
(35:16 / All) nigballerbrand: PURPLE FAKE AEGON
(35:18 / All) nigballerbrand: MUMMER'S DRAGON
(35:23 / All) AegonTargaryen: no jon show aegon
(35:39 / All) nigballerbrand: GOT WATCHER! EVERYONE POINT AND LAUGH
(35:47 / All) AegonTargaryen: best show ever
(35:55 / All) nigballerbrand: His name is probably something like Aejon in books
(38:04 / Allies) AegonTargaryen: wtf?
(38:14 / Allies) BoojiBoy: yes he killed my heros
(38:36 / Allies) AegonTargaryen: were gonna lose now
(38:43 / Allies) nigballerbrand: How's that?
(38:59 / Allies) BoojiBoy: well i dont have time
(39:01 / Allies) BoojiBoy: cyas
(39:04 / Allies) AegonTargaryen: they have armies and i was trying to rebuild
(41:24 / All) nlggerlord: me and teal in this together going to kill ebvey unit including our own
(41:31 / All) nlggerlord: u will vs each other and have equal chance victory
(41:32 / All) nlggerlord: sound fair?
(41:35 / All) nlggerlord: no way to finish each other
(41:40 / All) nlggerlord: leave ur pc on all day for win
(45:25 / All) GHOUL.FRENZY: you are the same guy playing on 2 pcs
(45:30 / All) nlggerlord: lmao
(45:34 / All) nigballerbrand: Interesting theory
(45:43 / All) nigballerbrand: I AM RED
(45:44 / All) nlggerlord: I AM TEAL
(45:50 / All) GHOUL.FRENZY: just a bored nigger with 2 stolen pcs
(45:54 / All) nlggerlord: LOL
(45:59 / All) GHOUL.FRENZY: ridiculous
(46:52 / All) GHOUL.FRENZY: o well im going to finish yur mom off
(47:00 / All) nlggerlord: gay
(47:01 / All) nigballerbrand: lawl
(47:18 / All) nigballerbrand: don't think he "got it"
(47:38 / All) nlggerlord: I love that spiel they give us about being same player on 2 pcs
(47:43 / All) nlggerlord: would have to be a god at wc3
(47:47 / All) nigballerbrand: He had mk hidden bottom left
(47:51 / All) nlggerlord: controlling 2 players with that much apm between them both
(47:57 / All) nigballerbrand: He avatarded and tried to kill my am lol
(48:05 / All) nigballerbrand: I just ran away with water eles attacking him
(49:21 / All) nigballerbrand: orange talking>?
(49:24 / All) nlggerlord: nope
(50:03 / All) nlggerlord: wait shit wheres last building
(50:15 / All) nlggerlord: oh lol
(50:18 / All) nlggerlord: lumber mill in your base I built
(50:19 / All) nigballerbrand: lawl
(50:29 / All) nigballerbrand: don't think it showed on mini map either
(50:40 / All) nlggerlord: good use for book of the dead